 Dungeon Crawl Stone Soup version 0.20-a0-465-g6513c8f (webtiles) character file.

25966 Queen the Phalangite (level 12, -9/91 HPs)
             Began as a Minotaur Berserker on Jan 12, 2017.
             Was a High Priest of Trog.
             Mangled by a redback (10 damage)
             ... on level 13 of the Dungeon.
             The game lasted 00:54:33 (12307 turns).

Queen the Phalangite (Minotaur Berserker)          Turns: 12307, Time: 00:54:39

Health: -9/91      AC: 24    Str: 25    XL:     12   Next: 94%
Magic:  10/11      EV:  7    Int:  4    God:    Trog [*****.]
Gold:   599        SH:  0    Dex: 11    Spells: 11/11 levels left

rFire  + . .     SeeInvis .     T - +4 trident "Eritosso" {venom, +Blink rF+ rC++ Dex-3}
rCold  + + .     Gourm    .     U - +0 plate armour
rNeg   . . .     Faith    +     (no shield)
rPois  .         Spirit   .     (helmet restricted)
rElec  .         Reflect  .     Q - +2 cloak
rCorr  .         Harm     .     V - +0 pair of gloves
MR     ++...                    (no boots)
Stlth  ..........               s - amulet of faith
                                i - +5 ring of protection
                                y - +4 ring of protection

@: lethally poisoned (-9 -> -82), exhausted, regenerating, slowed, very slow
A: retaliatory headbutt, horns 2, strong 1
a: Berserk, Trog's Hand, Brothers in Arms, Burn Spellbooks, Renounce Religion,
Evoke Blink


You were on level 13 of the Dungeon.
You worshipped Trog.
Trog was extremely pleased with you.
You were near starving.

You visited 2 branches of the dungeon, and saw 14 of its levels.

You collected 797 gold pieces.
You spent 198 gold pieces at shops.

Inventory:

Hand Weapons
 q - a +2 scythe of flaming
 r - a +0 trident of piercing
 K - a +3 antimagic bardiche
 M - a +3 antimagic glaive
 N - a +2 spear of flaming
 P - a +0 vampiric spear
 T - the +4 trident "Eritosso" (weapon) {venom, +Blink rF+ rC++ Dex-3}
   (You found it on level 11 of the Dungeon)

   It poisons the flesh of those it strikes.
   It affects your dexterity (-3).
   It protects you from fire.
   It greatly protects you from cold.
   It lets you blink.
Missiles
 m - 21 tomahawks (quivered)
Armour
 Q - a +2 cloak (worn)
 U - a +0 plate armour (worn)
 V - a +0 pair of gloves (worn)
Jewellery
 g - an uncursed ring of positive energy
 i - a +5 ring of protection (right hand)
 n - an uncursed ring of magical power
 s - an amulet of faith (around neck)
 u - an uncursed amulet of rage {unknown}
 y - a +4 ring of protection (left hand)
 A - a +5 ring of dexterity
Wands
 F - a wand of lightning (6/15)
 I - a wand of enslavement (9/24)
 J - a wand of paralysis (10/24)
 L - a wand of lightning (6/15)
 R - a wand of flame (13/48)
Scrolls
 a - 4 scrolls of blinking
 d - 5 scrolls of recharging
 j - a scroll of brand weapon {unknown}
 v - 4 scrolls of remove curse
 B - a scroll of noise {unknown}
 C - a scroll of acquirement {unknown}
 E - 2 scrolls of identify
 G - a scroll of enchant weapon
 H - a scroll of magic mapping {unknown}
 X - a scroll of holy word {unknown}
Potions
 e - 4 potions of flight
 h - 6 potions of heal wounds
 k - 7 potions of might {unknown}
 l - a potion of ambrosia {unknown}
 o - 5 potions of curing
 t - a potion of magic {unknown}
 x - 4 potions of lignification {unknown}
 O - a potion of resistance {unknown}
 S - a potion of brilliance {unknown}
Comestibles
 b - 2 beef jerkies
 c - 7 bread rations
 p - 6 meat rations
 w - 9 slices of pizza
 z - 3 fruits
 D - a royal jelly


   Skills:
 - Level 4.2 Fighting
 + Level 23.0 Polearms
 - Level 2.6 Armour
 - Level 2.3 Dodging


You had 11 spell levels left.
You didn't know any spells.

Dungeon Overview and Level Annotations

Branches:
Dungeon (13/15)            Temple (1/1) D:6            Lair (0/6) D:10
    Orc (0/2) D:11
 Vaults: D:13-14

Altars:
Ashenzari
Cheibriados
Dithmenos
Elyvilon
Fedhas
Gozag
Hepliaklqana
Kikubaaqudgha
Makhleb
Nemelex Xobeh
Okawaru
Qazlal
Ru
Sif Muna
Trog
Uskayaw
Vehumet
Xom
Yredelemnul
Zin
The Shining One

Shops:
D:8 [   D:10 [   D:12 [   D:13 %


Innate Abilities, Weirdness & Mutations

You reflexively headbutt those who attack you in melee.
You have a pair of horns on your head.
Your muscles are strong. (Str +2)


Message History

You are more poisoned.
The redback poisons you! The redback barely misses you.
* * * LOW HITPOINT WARNING * * *
You feel extremely sick. The redback completely misses you.
You blink.
You are near starving!
* * * LOW HITPOINT WARNING * * *
You feel extremely sick.
You kill the redback!
Trog accepts your kill.
The redback bites you but does no damage.
You feel much better.
* * * LOW HITPOINT WARNING * * *
You feel extremely sick. The redback bites you.
* * * LOW HITPOINT WARNING * * *
The redback bites you but does no damage.
The redback bites you!
You die...

#......# ####.
......########### #.
..............# #.
####..#........######.
#(....).....(..[.()(()
#.#.#.#.(.((.(.######.
.#########(#.#....<###### #.
.........#)#.####### #.
.........))#.#@s†#############.
.........#....ss.†§..........#.
.........#.#.#...###########.#.
.........#.#.......#### #.##
.........#+#'###......# #.##
...............#......# #.##
...............#......# #.##
...............#......# #.#
###.....#......#......# #.#


You could see 3 redbacks.

Vanquished Creatures
  6 vault guards
  A centaur warrior (D:13)
  5 two-headed ogres
  Erica (D:8)
  A deep elf mage (D:7)
  5 cyclopes
  Maurice (D:10)
  Joseph (D:7)
  2 centaur zombies
  An ice statue (D:10)
  A gargoyle (D:13)
  A komodo dragon (shapeshifter) (D:12)
  A hippogriff (D:10)
  Sigmund (D:5)
  5 redbacks (D:13)
  19 yaks
  3 hogs (D:7)
  3 humans
  2 vampire mosquitoes (D:12)
  Edmund (D:6)
  3 hungry ghosts
  5 porcupines (D:10)
  A phantom (D:4)
  3 black bears
  6 orc warriors
  5 ice beasts
  2 sky beasts
  6 ogres
  15 centaurs
  2 crocodiles (D:10)
  3 big kobolds (D:11)
  5 bullfrogs
  A gnoll sergeant (D:10)
  2 wyvern zombies (D:10)
  9 scorpions
  12 killer bees
  9 wights
  A howler monkey (D:10)
  5 crimson imps
  A quasit (D:10)
  2 bullfrog zombies
  4 hounds
  A bullfrog skeleton (D:12)
  4 orc priests
  A centaur skeleton (D:9)
  16 orc wizards
  A jelly (D:5)
  Jessica (D:3)
  An iguana (D:9)
  7 worker ants
  A killer bee zombie (D:9)
  A hound zombie (D:6)
  2 worker ant zombies
  13 gnolls
  12 adders
  2 shadow imps
  2 oozes
  2 adder skeletons
  A worm (D:3)
  A dart slug (D:2)
  6 leopard geckos
  37 orcs
  A ball python (D:1)
  4 giant cockroaches
  8 goblins
  8 hobgoblins
  7 jackals
  17 kobolds
  6 quokkas
  12 bats
  3 frilled lizards
  2 leopard gecko skeletons
  12 rats
  6 fungi (D:4)
361 creatures vanquished.

Vanquished Creatures (others)
  6 fungi
  10 plants (D:10)
16 creatures vanquished.

Grand Total: 377 creatures vanquished

Notes
Turn   | Place    | Note
-------+----------+-------------------------------------------
     0 | D:1      | Queen the Minotaur Berserker began the quest for the Orb.
     0 | D:1      | Reached XP level 1. HP: 19/19 MP: 0/0
   124 | D:1      | Reached skill level 4 in Polearms
   124 | D:1      | Reached XP level 2. HP: 27/27 MP: 1/1
   297 | D:1      | You fall through a shaft!
   471 | D:1      | Reached ** piety under Trog
   854 | D:2      | Reached XP level 3. HP: 33/33 MP: 2/2
  1456 | D:3      | Reached skill level 5 in Polearms
  1476 | D:3      | Reached XP level 4. HP: 32/40 MP: 3/3
  1503 | D:3      | Found a faded altar of an unknown god.
  1583 | D:3      | You fall through a shaft for 2 floors!
  1583 | D:5      | Entered Level 5 of the Dungeon
  1626 | D:4      | Noticed an ogre
  1644 | D:4      | Killed an ogre
  1644 | D:4      | Reached skill level 6 in Polearms
  1644 | D:4      | Reached XP level 5. HP: 46/46 MP: 4/4
  1799 | D:3      | Reached skill level 7 in Polearms
  1933 | D:3      | Noticed Jessica
  1941 | D:3      | Killed Jessica
  2082 | D:4      | Reached XP level 6. HP: 47/52 MP: 5/5
  2085 | D:4      | Reached skill level 8 in Polearms
  2344 | D:4      | Noticed a hungry ghost
  2366 | D:4      | Killed a hungry ghost
  2366 | D:4      | Reached skill level 9 in Polearms
  2652 | D:4      | Reached XP level 7. HP: 58/59 MP: 6/6
  2953 | D:4      | Reached *** piety under Trog
  2994 | D:4      | Reached skill level 10 in Polearms
  3604 | D:5      | Reached skill level 11 in Polearms
  3760 | D:5      | Reached XP level 8. HP: 55/66 MP: 7/7
  4116 | D:5      | Noticed Sigmund
  4142 | D:5      | Killed Sigmund
  4142 | D:5      | Reached skill level 12 in Polearms
  4268 | D:6      | Reached **** piety under Trog
  4404 | D:6      | Found a staircase to the Ecumenical Temple.
  4489 | D:6      | Reached skill level 13 in Polearms
  5037 | D:6      | Gained mutation: Your muscles are strong. (Str +2) [potion of beneficial mutation]
  5096 | D:6      | Noticed Edmund
  5115 | D:6      | Killed Edmund
  5115 | D:6      | Reached XP level 9. HP: 71/71 MP: 8/8
  5233 | Temple   | Entered the Ecumenical Temple
  5434 | D:7      | Found a deep blue altar of Sif Muna.
  5435 | D:7      | Noticed a deep elf mage
  5440 | D:7      | Killed a deep elf mage
  5440 | D:7      | Reached skill level 14 in Polearms
  5763 | D:7      | Reached skill level 15 in Polearms
  5825 | D:7      | Reached ***** piety under Trog
  5972 | D:7      | Noticed Joseph
  5977 | D:7      | Killed Joseph
  5977 | D:7      | Reached skill level 16 in Polearms
  5977 | D:7      | Reached XP level 10. HP: 54/79 MP: 9/9
  6362 | D:8      | Noticed Erica
  6375 | D:8      | Killed Erica
  6375 | D:8      | Reached skill level 17 in Polearms
  6376 | D:8      | Found Zipiu's Armour Boutique.
  6740 | D:8      | Noticed a two-headed ogre
  6747 | D:8      | Noticed a two-headed ogre
  6748 | D:8      | Killed a two-headed ogre
  6754 | D:8      | Killed a two-headed ogre
  7062 | D:8      | Reached skill level 18 in Polearms
  8019 | D:9      | Received a gift from Trog
  8050 | D:9      | Noticed a two-headed ogre
  8058 | D:9      | Killed a two-headed ogre
  8058 | D:9      | Reached XP level 11. HP: 62/84 MP: 3/10
  8203 | D:10     | Entered Level 10 of the Dungeon
  8219 | D:10     | Found Qawoox's Antique Armour Emporium.
  8230 | D:10     | Bought a cloak for 135 gold pieces
  8345 | D:10     | Reached skill level 19 in Polearms
  8917 | D:10     | Noticed Maurice
  8940 | D:10     | Killed Maurice
  9037 | D:10     | Found a staircase to the Lair.
  9325 | D:11     | Received a gift from Trog
  9355 | D:11     | Got a pitted trident
  9381 | D:11     | Identified the +4 trident "Eritosso" {venom, +Blink rF+ rC++ Dex-3} (You found it on level 11 of the Dungeon)
  9393 | D:11     | Reached skill level 20 in Polearms
  9735 | D:11     | Noticed a two-headed ogre
  9743 | D:11     | Killed a two-headed ogre
  9912 | D:11     | Found an iron altar of Okawaru.
 10026 | D:11     | Found a staircase to the Orcish Mines.
 10477 | D:12     | Found Weatis's Armour Shop.
 10507 | D:12     | Bought a +0 pair of gloves for 63 gold pieces
 10671 | D:12     | Reached skill level 21 in Polearms
 10671 | D:12     | Reached XP level 12. HP: 55/91 MP: 11/11
 10756 | D:12     | Reached ****** piety under Trog
 11205 | D:13     | Noticed a vault guard
 11205 | D:13     | Noticed a vault guard
 11206 | D:13     | Noticed a vault guard
 11218 | D:13     | Noticed a vault guard
 11218 | D:13     | Noticed a vault guard
 11243 | D:13     | Killed a vault guard
 11288 | D:13     | Killed a vault guard
 11288 | D:13     | Received a gift from Trog
 11462 | D:12     | Killed a vault guard
 11678 | D:12     | Killed a vault guard
 11709 | D:12     | Killed a vault guard
 11709 | D:12     | Reached skill level 22 in Polearms
 11835 | D:13     | Noticed a centaur warrior
 11843 | D:13     | Killed a centaur warrior
 11924 | D:13     | Noticed a vault guard
 11949 | D:13     | Killed a vault guard
 12106 | D:13     | Noticed a two-headed ogre
 12116 | D:13     | Killed a two-headed ogre
 12257 | D:13     | Found Riuched's Food Emporium.
 12293 | D:13     | Reached skill level 23 in Polearms
 12306 | D:13     | HP: 1/91 [poisoned by a redback]
 12307 | D:13     | Mangled by a redback

Vault maps used:
D:1:      lightli_arrival_flooded_house
D:3:      chequers_ecumenical_altar_simple_redux, uniq_jessica
D:4:      old_forge, kennysheep_nondescript
D:5:      first_bread, uniq_sigmund
D:6:      serial_glass, glass_columns_a, glass_columns_b, uniq_edmund
D:7:      grunt_livestock, david_defended_altar_elf, uniq_joseph
D:8:      serial_shops, shop_statue, uniq_erica
D:9:      minmay_door_square
D:10:     minmay_lair_entry_grove, serial_shops, shop_fountains, minivault_15,
          uniq_maurice
D:11:     orc_0_dummy, okawaru_humans
D:12:     serial_shops, shop, hangedman_decor_points
D:13:     erik_vaults_2, serial_shops, shop, spider_trap
Temple:   kilobyte_greek_temple

Skill      XL: |  1  2  3  4  5  6  7  8  9 10 11 12 |
---------------+-------------------------------------+-----
Polearms       | 4 5 6 7 9 11 13 16 18 21 23 | 23.0
Fighting       | 4 |  4.2
Armour         | |  2.6
Dodging        | |  2.3

Action                   |  1- 3 |  4- 6 |  7- 9 | 10-12 || total
-------------------------+-------+-------+-------+-------++-------
Melee: Spear             |   117 |   122 |   221 |       ||   460
       Headbutt          |    17 |    22 |    58 |   125 ||   222
       Scythe            |       |       |   144 |   119 ||   263
       Glaive            |       |       |       |   202 ||   202
       Trident           |       |       |       |   398 ||   398
Throw: Tomahawk          |       |       |     3 |    17 ||    20
Invok: Berserk           |       |     1 |     3 |     6 ||    10
       Trog's Hand       |       |       |     1 |     3 ||     4
       Burn Spellbooks   |       |       |       |     1 ||     1
 Abil: Evoke Blink       |       |       |       |     1 ||     1
  Use: Scroll            |       |       |    11 |     2 ||    13
       Potion            |       |       |     1 |     3 ||     4
 Stab: Distracted        |       |       |       |     1 ||     1
  Eat: Chunk             |     2 |     7 |    12 |    29 ||    50
       Bread ration      |       |       |     1 |       ||     1
       Fruit             |       |       |       |     1 ||     1
Armor: Ring mail         |     8 |       |       |       ||     8
       Scale mail        |    12 |     4 |       |       ||    16
       Plate armour      |       |    22 |   133 |   346 ||   501
Dodge: Dodged            |    38 |    20 |    61 |   159 ||   278
